 Dungeon Crawl Stone Soup version 0.26-a0-1213-gd52f5182fe (webtiles) character file.

Game seed: 881957344874307338

3106 DuloT34 the Scholar of Death (level 9, -8/62 HPs)
             Began as a Ghoul Necromancer on Dec 30, 2020.
             Was a Follower of Kikubaaqudgha.
             Mangled by a two-headed ogre
             ... wielding a cursed -3 giant spiked club
              (23 damage)
             ... on level 10 of the Dungeon.
             The game lasted 00:41:27 (13838 turns).

DuloT34 the Scholar of Death (Ghoul Necromancer)   Turns: 13838, Time: 00:41:28

Health: -8/62      AC:  5    Str: 12    XL:     9   Next: 90%
Magic:  12/19      EV: 14    Int: 13    God:    Kikubaaqudgha [*.....]
Gold:   408        SH:  0    Dex:  9    Spells: 10/22 levels left

rFire    . . .     SeeInvis .   (no weapon)
rCold    + + .     Faith    .   (no shield)
rNeg     + + +     Spirit   .   a - +1 robe
rPois    ∞         Reflect  .   (no helmet)
rElec    .         Harm     .   b - +1 cloak
rCorr    .         Rampage  .   (no gloves)
Will     .....                  (no boots)
Stlth    ++........             (no amulet)
HPRegen  0.00/turn              n - ring of poison resistance
MPRegen  0.16/turn              l - ring of protection from cold

@: hasted, very quick
A: claws 1, cold resistance 1, negative energy resistance 3, inhibited
regeneration, torment resistance, unbreathing
a: Renounce Religion, Receive Corpses


You were on level 10 of the Dungeon.
You worshipped Kikubaaqudgha.
Kikubaaqudgha was aware of your devotion.
You visited 2 branches of the dungeon, and saw 11 of its levels.

You collected 408 gold pieces.

Inventory:

Hand Weapons
 u - the +2 hand axe of Dipn {antimagic, *Corrode Int+4 Dex+4}
   (You found it on level 6 of the Dungeon)

   It reduces the magical energy of the wielder, and disrupts the spells and
   magical abilities of those hit.
   Natural abilities and divine invocations are not affected.
   It affects your intelligence (+4).
   It affects your dexterity (+4).
   It may corrode you when you take damage.
Armour
 a - a +1 robe (worn)
 b - a +1 cloak (worn)
 m - a +0 pair of gloves
 v - a scarf of shadows
Jewellery
 l - a ring of protection from cold (right claw)
 n - a ring of poison resistance (left claw)
 A - a +4 ring of protection {unknown}
Wands
 j - a wand of iceblast (5)
 o - a wand of flame (10)
 p - a wand of paralysis (5)
Scrolls
 d - a scroll of magic mapping
 f - a scroll of remove curse
 q - 4 scrolls of teleportation
 r - 2 scrolls of enchant armour
 s - 2 scrolls of amnesia {unknown}
 t - 3 scrolls of immolation {unknown}
 w - 2 scrolls of identify
 y - a scroll of fog
 z - a scroll of blinking
Potions
 c - 3 potions of brilliance
 e - 2 potions of flight
 g - 3 potions of curing {unknown}
 h - a potion of mutation
 i - a potion of attraction {unknown}
 k - 2 potions of haste
 x - a potion of degeneration {unknown}
 B - a potion of resistance {unknown}


   Skills:
 + Level 5.9 Dodging
 - Level 2.1 Stealth
 + Level 7.3 Spellcasting
 + Level 9.4 Necromancy


You had 10 spell levels left.
You knew the following spells:

 Your Spells              Type           Power        Failure   Level
a - Pain                  Necr           100%         1%          1
b - Vampiric Draining     Necr           14%          1%          3
c - Animate Skeleton      Necr           58%          1%          1
d - Animate Dead          Necr           14%          3%          4
e - Magic Dart            Conj           16%          14%         1
f - Corpse Rot            Necr/Air       N/A          3%          2

Your spell library contained the following spells:

 Spells                   Type           Power        Failure   Level
 Agony                    Necr           29%          9%          5
 Blink                    Tloc           N/A          22%         2
 Call Imp                 Summ           4%           22%         2
 Slow                     Hex            4%           22%         2
 Conjure Flame            Conj/Fire      4%           41%         3
 Mephitic Cloud           Conj/Pois/Air  4%           41%         3


Dungeon Overview and Level Annotations

Branches:
Dungeon (10/15)            Temple (1/1) D:4
   Lair: D:8-11         Orc: D:9-12

Altars:
Ashenzari
Cheibriados
Dithmenos
Elyvilon
Fedhas
Gozag
Kikubaaqudgha
Makhleb
Nemelex Xobeh
Okawaru
Ru
Sif Muna
Trog
Uskayaw
Vehumet
Wu Jian
Yredelemnul
Zin

Annotations:
D:3 Grinder
D:4 Eustachio, Sigmund
D:8 2 transporters, Luthais's ghost, novice MiBe
D:10 Urug


Innate Abilities, Weirdness & Mutations

You thrive by killing the living.
You are immune to poison.
You have sharp fingernails.
Your flesh is cold resistant. (rC+)
You are immune to negative energy. (rN+++)
You do not regenerate when monsters are visible.
You are immune to unholy pain and torment.
You can survive without breathing.


Message History

There is an escape hatch in the floor here.
The wight barely misses you.
You slide downwards.
The hatch slams shut behind you.
Level annotation: Urug A kobold demonologist, an orc warrior, a two-headed ogre and a white imp come into view.
The kobold demonologist shouts!
The orc warrior shouts!
The orc warrior barely misses you.
The kobold demonologist begins to cast a cantrip, but forgets the words!
You hear a shout!
Found five items.
You feel yourself speed up.
A two-headed ogre comes into view. It is wielding two +0 giant clubs.
The orc warrior barely misses you. The wight hits you with a +3 flail.
* * * LOW HITPOINT WARNING * * *
The white imp shouts!
You hear a shout!
The kobold demonologist mumbles some strange words.
The two-headed ogre misses you.
The two-headed ogre hits you with a +0 giant club!!
You die...
Kikubaaqudgha rasps: "You have failed me!
Welcome... oblivion!"

.# # . ...###
.## ..# ##...##
###..######.5##
##$.##...)##..#
##..##K.3.##..#
##..##....##O.#
#).##oz.:##
###..##..##
##:..#@.#...#
.###....O...###
..####[...####
...##########
#....######...
#.... . . ..#..
#.## # . ..+..
## ##


You could see a soul eater (summoned), 2 two-headed ogres, a kobold
demonologist, an orc warrior, a wight and a white imp.

Vanquished Creatures
  Prince Ribbit (D:6)
  2 water moccasins (D:9)
  3 orc warriors
  2 ice beasts
  2 ogres (D:5)
  2 black bears
  A sky beast (D:5)
  A centaur (D:9)
  6 bullfrogs
  2 scorpions
  A killer bee (D:8)
  5 howler monkeys
  9 hounds
  A jelly (D:5)
  6 orc wizards
  An orc priest (D:8)
  A bullfrog skeleton (D:9)
  A centaur skeleton (D:7)
  An iguana (D:8)
  5 worker ants
  2 killer bee zombies (D:9)
  A hound zombie (D:9)
  11 adders
  3 shadow imps
  2 white imps (D:8)
  2 oozes
  2 dart slugs
  5 leopard geckos
  17 orcs
  2 ball pythons
  4 giant cockroaches
  8 goblins
  8 hobgoblins
  12 jackals
  6 kobolds
  A quokka (D:5)
  4 bats
  4 frilled lizards
  A jackal skeleton (D:4)
  A leopard gecko skeleton (D:4)
  A quokka zombie (D:6)
  11 rats
161 creatures vanquished.

Vanquished Creatures (collateral kills)
  A howler monkey (D:8)
  An orc (D:4)
2 creatures vanquished.

Grand Total: 163 creatures vanquished

Notes
Turn   | Place    | Note
-------+----------+-------------------------------------------
     0 | D:1      | DuloT34 the Ghoul Necromancer began the quest for the Orb.
     0 | D:1      | Reached XP level 1. HP: 14/14 MP: 2/2
   372 | D:1      | Reached XP level 2. HP: 16/20 MP: 0/4
  1424 | D:1      | Reached XP level 3. HP: 26/26 MP: 3/5
  2127 | D:2      | Learned a level 3 spell: Vampiric Draining
  2432 | D:2      | Reached XP level 4. HP: 23/33 MP: 2/7
  2668 | D:2      | Found a broken altar of Ashenzari.
  2783 | D:2      | Reached skill level 5 in Necromancy
  3098 | D:3      | Noticed Grinder
  3509 | D:3      | Reached XP level 5. HP: 25/38 MP: 0/8
  3969 | D:4      | Reached XP level 6. HP: 39/45 MP: 1/10
  4064 | D:4      | Found a staircase to the Ecumenical Temple.
  4073 | Temple   | Entered the Ecumenical Temple
  4128 | Temple   | Became a worshipper of Kikubaaqudgha
  4230 | D:4      | Found a glowing silver altar of Zin.
  4231 | D:4      | Found an opulent altar of Gozag.
  4253 | D:4      | Found a shimmering blue altar of Sif Muna.
  4273 | D:4      | Noticed Eustachio
  4521 | D:4      | Learned a level 1 spell: Animate Skeleton
  4526 | D:4      | Learned a level 4 spell: Animate Dead
  4596 | D:5      | Entered Level 5 of the Dungeon
  5195 | D:4      | Noticed Sigmund
  5255 | D:5      | Reached skill level 6 in Necromancy
  5963 | D:5      | Reached XP level 7. HP: 50/50 MP: 12/12
  6914 | D:6      | Learned a level 1 spell: Magic Dart
  6950 | D:6      | Reached skill level 5 in Spellcasting
  6950 | D:6      | Reached skill level 7 in Necromancy
  7015 | D:6      | Got a jewelled hand axe
  7016 | D:6      | Identified the +2 hand axe of Dipn {antimagic, *Corrode
                  | Int+4 Dex+4} (You found it on level 6 of the Dungeon)
  7070 | D:5      | Reached * piety under Kikubaaqudgha
  7070 | D:5      | Identified Kikubaaqudgha's Volume of Stolen Souls
                  | (Kikubaaqudgha gifted it to you on level 5 of the Dungeon)
  7070 | D:5      | Received a gift from Kikubaaqudgha
  7078 | D:5      | Learned a level 2 spell: Corpse Rot
  7481 | D:5      | Reached XP level 8. HP: 52/57 MP: 7/15
  8207 | D:6      | Found a snail-covered altar of Cheibriados.
  8221 | D:6      | Found a burning altar of Makhleb.
  8558 | D:7      | Noticed Prince Ribbit
  8695 | D:6      | Killed Prince Ribbit
  8828 | D:7      | Reached skill level 8 in Necromancy
  9231 | D:7      | Found a blossoming altar of Fedhas.
  9432 | D:8      | Reached XP level 9. HP: 62/62 MP: 3/17
  9774 | D:8      | Found a transporter.
  9774 | D:8      | Noticed Luthais's ghost (novice MiBe)
  9804 | D:8      | Found a transporter.
 10408 | D:8      | Found a radiant altar of Vehumet.
 10495 | D:8      | Reached ** piety under Kikubaaqudgha
 10585 | D:8      | Reached skill level 5 in Dodging
 11368 | D:9      | Reached skill level 9 in Necromancy
 12610 | D:9      | HP: 3/62 [killer bee zombie (7)]
 13348 | D:9      | Found a white marble altar of Elyvilon.
 13348 | D:9      | Found a sacrificial altar of Ru.
 13791 | D:10     | Entered Level 10 of the Dungeon
 13791 | D:10     | Noticed Urug
 13836 | D:10     | Noticed a kobold demonologist
 13836 | D:10     | Noticed a two-headed ogre
 13837 | D:10     | Noticed a two-headed ogre
 13838 | D:10     | Mangled by a two-headed ogre

Illustrated notes

Levels and vault maps discovered:
D:1:      shiori_arrival_maze, layout_basic, minmay_vboxes
D:2:      layout_loops_ring, marbit_many_paths, st_stairs_8
D:3:      layout_rooms, minmay_misc_feat_rows, uniq_grinder
D:4:      layout_cave_pools, regret_index_temple_of_mockery,
          grunt_temple_overflow_gold_and_silver, nicolae_overflow_hidden_temple,
          minmay_temple_entry_trees, corexii_item_surrounded_by_moat,
          minmay_ruptured, uniq_sigmund, uniq_eustachio
D:5:      layout_rooms
D:6:      layout_rooms, nicolae_overflow_quartered_altars, kennysheep_donut
D:7:      layout_loops_ring, fedhas_ov_isle_minmay, uniq_prince_ribbit1
D:8:      minmay_s_stair_smasher, layout_gridville, gammafunk_ghost_mausoleum,
          basic_altar
D:9:      layout_roguey, gammafunk_temple_overflow_elements, nrook_campfire
D:10:     layout_roguey, serial_shops, nicolae_shop_competitors_out_of_business,
          minmay_mirror_moons_of_madness, uniq_grum, uniq_urug, uniq_snorg
Temple:   compressed_dpeg_triangle_lava_temple

Skill      XL: |  1  2  3  4  5  6  7  8  9 |
---------------+----------------------------+-----
Spellcasting   | 2 3 4 5 6 7 |  7.3
Necromancy     | 5 6 7 8 9 |  9.4
Dodging        | 2 4 5 |  5.9
Stealth        | |  2.1

Action                   |  1- 3 |  4- 6 |  7- 9 || total
-------------------------+-------+-------+-------++-------
Melee: Unarmed           |    90 |   171 |   446 ||   707
 Cast: Pain              |    62 |   110 |   125 ||   297
       Vampiric Draining |       |     7 |    77 ||    84
       Animate Skeleton  |       |     3 |       ||     3
       Animate Dead      |       |       |     7 ||     7
       Magic Dart        |       |       |    59 ||    59
       Corpse Rot        |       |       |     1 ||     1
Invok: Receive Corpses   |       |       |     1 ||     1
Evoke: Wand              |       |     3 |    11 ||    14
  Use: Scroll            |     4 |     6 |     2 ||    12
       Potion            |       |     5 |     2 ||     7
 Stab: Sleeping          |     1 |       |       ||     1
Armor: Robe              |    20 |    68 |   188 ||   276
Dodge: Dodged            |    76 |   200 |   516 ||   792

Table legend: (Time is in decaauts)
 A = Elapsed time spent in this place.
 B = Non-inter-level travel time spent in this place.
 C = Inter-level travel time spent in this place.
 D = Time resting spent in this place.
 E = Time spent auto-exploring this place.
 F = Levels seen in this place.
 G = Mean time per level.
                   A        B        C        D        E       F      G
               +--------+--------+--------+--------+--------+-----+--------+
         Total |  13830 |  13709 |    121 |   6561 |   4077 |  11 | 1257.3 |
       Dungeon |  13692 |  13575 |    117 |   6561 |   3956 |  10 | 1369.2 |
        Temple |    137 |    133 |      4 |      0 |    121 |   1 |  137.0 |
               +--------+--------+--------+--------+--------+-----+--------+

Top non-repeatable levels by time:
     D:8: 3141 daAuts
     D:5: 1993 daAuts
     D:1: 1720 daAuts
     D:2: 1705 daAuts
     D:6: 1425 daAuts
     D:4: 1386 daAuts
     D:9: 1378 daAuts
     D:3: 600 daAuts
     D:7: 337 daAuts
  Temple: 137 daAuts
    D:10: 4 daAuts
